Map: Eflorescencia EE

Players

MrFercho - Winner!

  • Race: Zerg Zerg
  • League: Gold
  • Spawn Location: 3:00

TATORREA - Winner!

  • Race: Protoss Protoss
  • League: Gold
  • Spawn Location: 12:00

QueenDawn

  • Race: Zerg Zerg
  • Spawn Location: 9:00

Gabuche

  • Race: Protoss Protoss
  • Spawn Location: 6:00

VOD

Have the link to the VOD?

Description

Time

  • Played on: July 25, 2020, 9:14 p.m.
  • Length: 17:00
Show
View Real Time Build Order
Export as new Build Order

MrFercho Zerg - Winner!

Build Orders: Hatch First, Lurkers 

Get SALT Encoding   

  12  0:01  Drone  
  13  0:13  Overlord  
  13  0:20  Drone  
  14  0:31  Drone x2  
  16  0:52  Hatchery  
  16  0:54  Drone  
  16  0:58  Drone  
  16  1:01  Drone  
  18  1:10  Extractor  
  17  1:20  Spawning Pool  
  17  1:21  Drone  
  17  1:28  Drone  
  17  1:31  Drone  
  20  1:40  Drone  
  20  1:52  Drone  
  21  2:02  Overlord  
  21  2:07  Queen  
  21  2:08  Queen  
  25  2:10  Overlord  
  25  2:13  Zergling x2  
  27  2:15  Zergling x2  
  27  2:22  Drone  
  28  2:25  Drone  
  29  2:36  Drone x2  
  31  2:40  Metabolic Boost  
  31  2:43  Drone  
  32  2:48  Queen  
  34  2:59  Lair  
  34  3:02  Drone x3  
  37  3:08  Drone x2  
  39  3:20  Baneling Nest, Drone x4  
  42  3:30  Drone x2  
  42  3:32  Overlord  
  42  3:34  Overlord  
  44  3:44  Evolution Chamber  
  44  3:46  Drone  
  44  3:47  Extractor  
  44  3:48  Drone  
  44  3:56  Drone x3  
  47  4:05  Overlord x2  
  47  4:07  Drone x4  
  51  4:13  Extractor  
  51  4:15  Zerg Melee Weapons Level 1  
  50  4:17  Zergling x2  
  51  4:36  Centrifical Hooks  
  51  4:38  Zergling x14  
  52  4:39  Zergling x4  
  52  4:42  Baneling x2  
  60  4:49  Zergling x2  
  61  5:18  Extractor  
  61  5:20  Hatchery  
  59  5:23  Extractor  
  59  5:26  Zergling x2  
  59  5:27  Zergling x12  
  63  5:49  Zergling x6  
  54  6:15  Zergling x4  
  54  6:16  Zergling x10  
  55  6:27  Extractor  
  54  6:35  Hatchery  
  54  6:36  Zergling x6  
  53  6:51  Hatchery  
  52  6:58  Zergling x2  
  52  6:59  Zergling x14  
  53  7:24  Baneling  
  53  7:25  Baneling x5  
  53  7:27  Zergling x16  
  61  7:35  Drone x4  
  61  7:36  Queen  
  65  7:44  Zerg Missile Weapons Level 1  
  67  7:50  Evolution Chamber  
  66  7:53  Hydralisk Den, Drone x3  
  66  7:54  Drone x2  
  66  7:55  Drone  
  71  8:06  Overseer  
  71  8:07  Overseer  
  71  8:09  Pneumatized Carapace  
  71  8:10  Burrow  
  71  8:13  Drone x5  
  71  8:14  Drone x2  
  77  8:48  Zergling x22  
  78  8:49  Zergling x4  
  86  9:05  Zergling x2  
  86  9:06  Zergling x14  
  80  9:30  Baneling  
  80  9:31  Baneling x9  
  80  9:32  Zergling x18  
  80  9:33  Zergling x4  
  91  9:40  Muscular Augments  
  91  9:41  Zerg Missile Weapons Level 2  
  91  9:43  Zerg Ground Armor Level 1  
  91  9:59  Drone x2  
  94  10:00  Drone  
  94  10:01  Overlord x5  
  94  10:02  Overlord  
  94  10:09  Zergling x2  
  88  10:20  Zergling x30  
  82  10:28  Lurker Den  
  77  10:32  Infestation Pit  
  76  10:45  Baneling x2  
  76  10:46  Baneling x7  
  76  10:51  Grooved Spines  
  76  11:10  Overlord x3  
  76  11:22  Queen x2  
  78  11:33  Drone x2  
  78  11:34  Drone  
  78  11:36  Queen  
  78  11:47  Hydralisk x9  
  78  11:48  Hydralisk x6  
  97  12:05  Hydralisk x2  
  97  12:06  Hydralisk x3  
  105  12:25  Lurker x3  
  105  12:26  Lurker x7  
  105  12:28  Hive  
  115  12:40  Spore Crawler  
  115  12:43  Hatchery  
  115  12:44  Extractor, Spine Crawler  
  112  12:47  Extractor, Spine Crawler  
  112  12:48  Spine Crawler, Drone x6  
  112  12:49  Drone x2  
  83  13:25  Spire  
  83  13:26  Zerg Ground Armor Level 2  
  77  13:32  Hydralisk x13  
  77  13:33  Hydralisk x2  
  107  13:35  Queen  
  109  13:44  Seismic Spines  
  109  13:47  Drone x7  
  116  14:03  Zerg Missile Weapons Level 3  
  116  14:11  Drone x3  
  116  14:13  Drone x3  
  116  14:14  Drone  
  116  14:15  Drone x4  
  127  14:26  Hydralisk x5  
  127  14:28  Overlord  
  137  14:41  Adaptive Talons  
  137  14:43  Greater Spire  
  137  14:50  Hatchery  
  136  14:57  Hydralisk  
  136  14:58  Hydralisk x7  
  152  15:18  Hydralisk x6  
  152  15:20  Overlord  
  152  15:21  Overlord x3  
  164  15:38  Hydralisk  
  164  15:39  Hydralisk x7  
  171  16:03  Hydralisk  
  171  16:04  Hydralisk x10  
  159  16:17  Hydralisk x2  
  159  16:18  Hydralisk x4  
  136  16:28  Hydralisk x5  
  136  16:30  Hydralisk  
  148  16:33  Lurker  
  148  16:34  Lurker  
Show
View Real Time Build Order
Export as new Build Order

TATORREA Protoss - Winner!

Build Orders:  

Get SALT Encoding   

  12  0:01  Probe  
  13  0:13  Probe  
  14  0:21  Pylon  
  14  0:25  Probe  
  15  0:39  Probe  
  16  0:42  Gateway  
  16  0:50  Probe  
  16  0:56  Assimilator  
  17  0:59  Probe  
  17  1:01  Pylon  
  18  1:07  Probe  
  19  1:32  Probe  
  20  1:44  Probe  
  20  2:00  Cybernetics Core  
  20  2:04  Gateway  
  20  2:07  Gateway  
  20  2:10  Probe  
  21  2:25  Nexus  
  21  2:29  Assimilator, Pylon  
  21  2:32  Probe  
  22  2:37  Warp Gate  
  22  2:43  Stalker  
  24  2:52  Probe  
  25  3:00  Stalker, Probe  
  28  3:05  Stalker  
  28  3:10  Probe  
  31  3:22  Twilight Council, Probe  
  32  3:32  Zealot  
  34  3:34  Probe  
  34  3:38  Zealot  
  34  3:40  Charge  
  37  3:41  Sentry  
  37  3:44  Probe  
  37  3:47  Probe  
  41  3:56  Probe  
  41  3:59  Probe  
  43  4:08  Probe  
  44  4:11  Pylon, Probe  
  45  4:18  Pylon  
  45  4:21  Probe  
  45  4:22  Pylon  
  46  4:27  Zealot  
  46  4:29  Zealot  
  50  4:33  Zealot  
  50  4:35  Probe  
  50  4:37  Probe  
  54  4:47  Probe  
  54  4:49  Probe  
  56  4:52  Forge  
  56  4:55  Assimilator  
  56  4:59  Assimilator, Probe  
  57  5:01  Probe  
  57  5:02  Zealot  
  57  5:03  Zealot  
  62  5:07  Zealot  
  64  5:24  Zealot x2  
  64  5:28  Zealot  
  70  5:43  Protoss Ground Weapons Level 1  
  64  5:51  Zealot x3  
  54  6:01  Probe x2  
  52  6:12  Gateway  
  52  6:13  Probe x2  
  52  6:14  Gateway  
  52  6:17  Zealot x2  
  52  6:18  Gateway  
  56  6:19  Zealot  
  56  6:23  Gateway  
  56  6:30  Pylon  
  56  6:34  Pylon  
  56  6:37  Pylon  
  56  6:44  Nexus  
  56  6:47  Pylon  
  56  6:49  Pylon  
  56  6:51  Probe  
  56  6:52  Probe  
  56  6:54  Blink  
  56  6:58  Zealot x3  
  60  7:03  Probe  
  60  7:04  Probe  
  54  7:11  Zealot  
  54  7:12  Zealot  
  58  7:20  Probe x2  
  60  7:32  Forge, Probe  
  60  7:36  Forge, Probe  
  62  7:41  Protoss Shields Level 1  
  62  7:44  Probe  
  62  7:45  Zealot x2  
  62  7:46  Zealot  
  62  7:48  Probe  
  70  7:53  Protoss Ground Weapons Level 2  
  70  8:00  Protoss Ground Armor Level 1  
  70  8:01  Stalker x3  
  70  8:02  Stalker  
  78  8:05  Zealot  
  80  8:20  Probe x3  
  80  8:27  Assimilator  
  83  8:31  Assimilator  
  83  8:37  Robotics Facility  
  75  8:51  Gateway  
  65  8:55  Gateway  
  65  8:58  Gateway  
  65  8:59  Stalker x3  
  65  9:00  Stalker x3  
  65  9:02  Zealot  
  73  9:09  Templar Archives  
  71  9:20  Gateway  
  71  9:44  Stalker x3  
  71  9:45  Stalker x3  
  81  9:46  Stalker  
  81  9:47  Protoss Shields Level 2  
  85  9:55  Robotics Bay  
  85  9:58  Stargate  
  85  10:00  Stargate  
  85  10:02  Stargate  
  85  10:10  Stalker x4  
  93  10:15  Psionic Storm  
  93  10:20  Zealot  
  93  10:21  Zealot  
  97  10:23  High Templar  
  97  10:24  High Templar x3  
  97  10:27  High Templar  
  107  10:32  Archon x2  
  107  10:38  Zealot  
  107  10:39  Zealot x3  
  115  10:49  Protoss Ground Weapons Level 3  
  115  10:52  Protoss Ground Armor Level 2  
  115  11:10  Void Ray  
  119  11:17  Nexus  
  119  11:18  Pylon  
  119  11:22  Pylon  
  119  11:43  Zealot  
  119  11:44  Zealot x4  
  119  11:45  Zealot x2  
  119  11:46  Zealot x4  
  141  12:01  Void Ray x2  
  141  12:07  Void Ray  
  143  12:10  Pylon  
  105  12:26  Pylon  
  105  12:28  Pylon  
  91  12:35  Stalker x2  
  91  12:36  Stalker x3  
  91  12:37  Stalker  
  81  12:38  Stalker x2  
  81  12:40  Colossus  
  81  12:42  High Templar x2  
  81  12:43  High Templar  
  91  12:45  Extended Thermal Lance  
  97  13:05  Probe  
  97  13:06  Probe x3  
  101  13:18  Probe x4  
  105  13:21  Archon  
  105  13:44  Stalker x3  
  105  13:45  Stalker x2  
  105  13:46  Stalker x2  
  105  13:47  Stalker x3  
  105  13:48  Stalker  
  123  14:12  High Templar x5  
  123  14:13  High Templar  
  123  14:16  Archon x2  
  135  14:17  Archon  
  135  14:18  Zealot x2  
  135  14:19  Zealot x3  
  145  14:51  Gateway  
  145  14:53  Gateway  
  145  14:54  Gateway  
  145  14:55  Gateway  
  145  14:56  Assimilator  
  145  14:57  Zealot x3  
  145  14:59  High Templar x2  
  155  15:00  High Templar  
  155  15:01  Gateway  
  155  15:02  Gateway  
  155  15:03  Gateway, Assimilator, Zealot  
  155  15:05  Gateway x2  
  155  15:06  Archon  
  159  15:08  Pylon  
  160  15:14  Pylon, Probe x3  
  160  15:15  Probe  
  163  15:26  Probe  
  164  15:38  Stalker x3  
  164  15:39  Stalker  
  172  16:02  Nexus  
  168  16:04  Pylon  
  168  16:06  Pylon  
  162  16:30  Stalker  
  162  16:31  Stalker x5  
  162  16:32  Stalker x4  
  176  16:33  Stalker x2  
  176  16:34  Stalker x3  
  176  16:35  Stalker x2  
  176  16:36  Stalker  
Show
View Real Time Build Order
Export as new Build Order

QueenDawn Zerg 

Build Orders: Hatch First 

Get SALT Encoding   

  12  0:01  Drone  
  13  0:13  Overlord  
  13  0:18  Drone  
  14  0:32  Drone  
  14  0:33  Drone  
  16  0:41  Drone  
  17  0:58  Drone  
  17  1:02  Extractor  
  17  1:03  Hatchery, Drone  
  17  1:20  Drone  
  17  1:21  Drone  
  19  1:26  Spawning Pool  
  19  1:30  Drone  
  19  1:46  Drone  
  20  1:51  Overlord  
  20  2:13  Queen  
  22  2:19  Drone  
  22  2:20  Queen  
  25  2:24  Zergling x4  
  25  2:25  Zergling x2  
  28  2:34  Drone  
  29  2:37  Drone  
  30  2:44  Roach Warren  
  29  3:00  Drone x2  
  29  3:01  Drone  
  29  3:04  Hatchery  
  31  3:07  Evolution Chamber  
  30  3:17  Drone  
  30  3:18  Extractor  
  30  3:23  Overlord x3  
  30  3:29  Drone x2  
  32  3:35  Overlord  
  32  3:45  Roach x2  
  32  3:48  Zerg Missile Weapons Level 1  
  36  4:00  Queen  
  38  4:11  Drone x3  
  38  4:12  Overlord x2  
  38  4:17  Drone x2  
  43  4:26  Drone  
  43  4:27  Drone x2  
  46  4:38  Lair  
  46  4:49  Queen  
  48  4:54  Drone x3  
  51  5:02  Evolution Chamber  
  51  5:06  Drone x3  
  53  5:07  Drone  
  53  5:11  Extractor  
  53  5:14  Roach x2  
  53  5:15  Roach x4  
  48  6:00  Roach x4  
  48  6:01  Roach x2  
  58  6:31  Roach  
  58  6:32  Roach x4  
  68  6:33  Metabolic Boost  
  62  7:16  Drone x3  
  62  7:17  Roach x2  
  62  7:18  Roach x3  
  75  7:23  Extractor  
  75  7:26  Drone x4  
  75  7:27  Drone x2  
  75  7:29  Zerg Missile Weapons Level 2  
  80  7:30  Zerg Ground Armor Level 1  
  80  7:36  Hydralisk Den, Drone  
  81  7:37  Drone  
  81  7:39  Roach  
  81  7:40  Roach x3  
  81  7:44  Drone  
  90  7:45  Overlord x2  
  90  8:08  Overseer x3  
  90  8:10  Drone x3  
  93  8:19  Drone x5  
  98  8:22  Extractor  
  98  8:24  Extractor  
  98  8:26  Overlord x5  
  96  8:28  Overlord x3  
  80  9:31  Zerg Ground Armor Level 2  
  80  9:42  Hydralisk x2  
  80  9:43  Hydralisk x4  
  92  9:48  Extractor  
  92  9:49  Glial Reconstitution  
  92  9:50  Hatchery  
  90  9:53  Extractor  
  90  9:57  Roach  
  90  9:58  Roach  
  93  10:09  Infestation Pit  
  92  10:37  Hydralisk x5  
  92  10:39  Roach  
  92  10:40  Roach x3  
  110  10:46  Pathogen Glands  
  110  11:34  Drone x2  
  110  11:35  Queen, Drone  
  110  11:38  Hydralisk x5  
  110  11:39  Hydralisk  
  127  11:40  Overlord  
  127  11:41  Overlord x3  
  127  11:42  Roach x2  
  131  11:50  Hive  
  131  11:59  Spore Crawler  
  96  12:43  Hydralisk x3  
  96  12:44  Hydralisk  
  100  12:45  Roach x6  
  100  12:46  Roach x2  
  84  13:15  Drone  
  84  13:16  Hydralisk x3  
  79  13:32  Hydralisk  
  79  13:33  Hydralisk x2  
  85  13:36  Zerg Missile Weapons Level 3  
  85  13:45  Overseer  
  85  13:51  Overseer x3  
  85  14:09  Drone  
  86  14:10  Drone x4  
  86  14:14  Zerg Ground Armor Level 3  
  90  14:22  Drone  
  91  14:34  Hatchery  
  91  14:35  Spire  
  89  14:40  Hydralisk x3  
  89  14:44  Hydralisk x4  
  103  14:50  Drone  
  104  14:54  Overseer x4  
  104  15:18  Drone x3  
  104  15:19  Drone x2  
  109  15:41  Drone  
  110  15:43  Hydralisk x7  
  110  15:44  Hydralisk x3  
  110  15:45  Infestor x6  
  110  15:46  Hydralisk x2  
Show
View Real Time Build Order
Export as new Build Order

Gabuche Protoss 

Build Orders: Double Forge 

Get SALT Encoding   

  12  0:01  Probe  
  13  0:14  Pylon  
  13  0:18  Probe  
  14  0:30  Probe  
  15  0:35  Gateway  
  15  0:39  Probe  
  15  0:47  Probe  
  16  0:51  Assimilator  
  17  0:57  Probe  
  18  1:08  Pylon  
  18  1:09  Probe  
  19  1:21  Probe  
  19  1:23  Zealot  
  22  1:32  Cybernetics Core  
  22  1:36  Probe  
  23  1:48  Probe  
  24  1:56  Warp Gate  
  24  2:19  Zealot  
  24  2:22  Gateway  
  26  2:25  Twilight Council  
  26  2:28  Pylon  
  26  2:34  Assimilator  
  26  2:42  Pylon  
  26  2:53  Probe  
  27  3:04  Nexus  
  27  3:05  Probe  
  27  3:06  Charge  
  28  3:17  Probe  
  29  3:32  Pylon  
  29  3:34  Gateway  
  29  3:37  Probe  
  30  3:47  Zealot  
  32  3:48  Zealot  
  32  3:49  Probe  
  35  4:01  Forge  
  35  4:08  Forge  
  35  4:15  Pylon  
  35  4:18  Probe  
  35  4:20  Probe  
  37  4:26  Probe  
  38  4:33  Probe  
  38  4:34  Probe  
  39  4:39  Zealot  
  39  4:45  Probe, Zealot  
  45  4:49  Zealot  
  47  4:53  Protoss Ground Weapons Level 1  
  47  4:56  Protoss Ground Armor Level 1  
  47  5:03  Assimilator  
  47  5:05  Probe  
  49  5:07  Probe  
  49  5:12  Blink  
  49  5:19  Probe  
  50  5:31  Stalker x2  
  50  5:32  Stalker  
  56  5:40  Photon Cannon  
  56  5:43  Photon Cannon  
  56  5:55  Zealot x3  
  40  6:20  Zealot x3  
  42  6:29  Probe  
  42  6:32  Assimilator  
  43  6:39  Probe  
  43  6:41  Zealot  
  43  6:42  Zealot x2  
  50  6:47  Probe  
  51  6:55  Probe  
  42  7:02  Zealot x2  
  42  7:03  Zealot  
  42  7:08  Gateway, Probe  
  47  7:10  Protoss Ground Armor Level 2, Pylon, Protoss Ground Weapons Level 2  
  47  7:26  Probe  
  47  7:29  Probe  
  49  7:32  Zealot x3  
  55  7:37  Gateway  
  55  7:38  Probe  
  55  7:41  Robotics Facility  
  55  7:43  Robotics Facility  
  56  7:50  Probe  
  57  7:55  Zealot x3  
  63  8:06  Probe  
  64  8:23  Nexus  
  64  8:26  Pylon  
  64  8:31  Pylon  
  58  8:46  Zealot x5  
  52  9:15  Warp Prism x2  
  54  9:17  Zealot x4  
  54  9:18  Zealot  
  64  9:35  Probe  
  65  9:39  Zealot x4  
  65  9:40  Zealot  
  75  9:46  Probe  
  75  9:52  Photon Cannon  
  76  9:54  Photon Cannon, Probe  
  76  9:55  Photon Cannon  
  76  9:57  Pylon  
  77  10:02  Pylon, Probe  
  77  10:04  Stalker  
  80  10:13  Probe  
  73  10:23  Zealot x3  
  73  10:24  Zealot  
  73  10:25  Probe  
  73  10:27  Zealot  
  76  11:06  Stalker, Zealot x2  
  76  11:07  Zealot  
  84  11:35  Zealot x4  
  74  11:42  Zealot x2  
  74  11:43  Zealot x3  
  74  11:46  Protoss Ground Weapons Level 3, Protoss Ground Armor Level 3  
  82  12:01  Probe  
  82  12:04  Zealot x3  
  85  12:13  Probe  
  85  12:15  Gateway  
  76  12:19  Immortal x2  
  70  12:32  Gateway, Zealot  
  70  12:33  Stalker x2, Gateway  
  70  12:34  Stalker, Zealot  
  80  12:45  Probe  
  80  12:48  Assimilator  
  81  12:52  Assimilator  
  81  12:57  Probe  
  81  12:58  Immortal  
  86  12:59  Immortal  
  86  13:05  Zealot x3  
  92  13:06  Zealot  
  92  13:07  Zealot  
  92  13:09  Probe  
  87  13:21  Probe  
  87  13:22  Stalker  
  86  13:32  Photon Cannon  
  86  13:33  Probe  
  87  13:35  Photon Cannon  
  87  13:39  Stalker x3  
  87  13:40  Stalker x3  
  87  13:41  Stalker  
  101  14:08  Stalker x2  
  101  14:09  Stalker x2  
  109  14:16  Pylon  
  109  14:18  Photon Cannon  
  109  14:19  Photon Cannon  
  109  14:20  Photon Cannon  
  109  14:22  Pylon  
  109  14:23  Shield Battery  
  109  14:39  Nexus  
  109  14:42  Pylon  
  109  14:45  Pylon  
  109  14:49  Observer x2  
  109  14:50  Protoss Shields Level 1  
  111  15:07  Stalker x5  
  111  15:08  Stalker x3  
  127  15:34  Stalker x2  
  127  15:35  Stalker x4  
  126  16:11  Nexus  
  96  16:12  Zealot  
  96  16:13  Zealot x3  
  84  16:24  Stalker x3  
  84  16:25  Stalker  
Tags
 
Add a new tag
Caveats
  • Supply blocks, unpowered buildings, or Contaminate may cause inaccurate times.
  • Supply counts are checked every 10 seconds.